 Dungeon Crawl Stone Soup version 0.28.0-43-g3370ac3207 (webtiles) character file.

Game seed: 13523199233191820264

1086 Faeu the Shield-Bearer (level 8, 0/71 HPs)
             Began as a Minotaur Fighter on Mar 18, 2022.
             Succumbed to a water moccasin's poison
             ... on level 6 of the Dungeon.
             The game lasted 00:54:53 (4497 turns).

Faeu the Shield-Bearer (Minotaur Fighter)           Turns: 4497, Time: 00:54:54

Health: 0/71       AC: 14    Str: 29    XL:     8   Next: 9%
Magic:  7/7        EV:  7    Int:  5    God:
Gold:   193        SH:  6    Dex: 16    Spells: 7/7 levels left

rFire   . . .      SeeInvis .   r - +2 dagger (venom) {short}
rCold   . . .      Faith    .   c - +0 buckler
rNeg    . . .      Spirit   .   B - +0 plate armour
rPois   .          Reflect  .   (helmet restricted)
rElec   .          Harm     .   L - +0 cloak
rCorr   .          Rampage  .   (no gloves)
Will    .....                   (no boots)
Stlth   ..........              (no amulet)
HPRegen 0.21/turn               f - +6 ring of strength
MPRegen 0.10/turn               g - +6 ring of dexterity

@: lethally poisoned (0 -> -5), hasted, very quick
A: horns 2, retaliatory headbutt
a: no special abilities


You were on level 6 of the Dungeon.
You visited 1 branch of the dungeon, and saw 6 of its levels.

You collected 193 gold pieces.


Innate Abilities, Weirdness & Mutations

You have a pair of horns on your head.
You reflexively headbutt those who attack you in melee.


   Skills:
 + Level 6.7 Fighting
 + Level 6.2 Long Blades
 + Level 6.7 Armour
 + Level 6.7 Shields


You had 7 spell levels left.
You didn't know any spells.
Your spell library contained the following spells:

 Spells                   Type           Power      Damage    Failure   Level
 Magic Dart               Conj           0%         1d3       99%         1
 Call Imp                 Summ           0%         N/A       100%        2
 Mephitic Cloud           Conj/Pois/Air  0%         N/A       100%        3

Inventory:

Hand Weapons
 a - a +0 long sword {long}
 d - a +1 hunting sling of flaming {sling}
   (You found it on level 5 of the Dungeon)
 r - a +2 dagger of venom (weapon) {short}
   (You took it off a goblin on level 1 of the Dungeon)
 t - a +1 short sword of electrocution {short}
   (You took it off a kobold on level 1 of the Dungeon)
 x - a +0 hunting sling {sling}
   (You found it on level 1 of the Dungeon)
 E - a +0 hand axe {axe}
   (You took it off Terence on level 3 of the Dungeon)
 G - a +2 dagger of venom {short}
   (You took it off an orc on level 3 of the Dungeon)
 J - a +4 quarterstaff of chaos {staff}
   (You took it off Crazy Yiuf on level 3 of the Dungeon)
Missiles
 i - 53 sling bullets
 n - 198 stones (quivered) {throwing}
 o - 99 arrows
 q - 65 bolts
 F - a throwing net {=f!fthrowing}
Armour
 c - a +0 buckler (worn)
 B - a +0 plate armour (worn)
   (You found it on level 2 of the Dungeon)
 D - a +1 scale mail of cold resistance
   (You took it off Terence on level 3 of the Dungeon)
 I - a +0 cloak
   (You took it off Crazy Yiuf on level 3 of the Dungeon)
 L - a +0 cloak (worn)
   (You found it on level 4 of the Dungeon)
 M - a scarf of repulsion
   (You found it on level 5 of the Dungeon)
Jewellery
 f - a +6 ring of strength (left hand)
   (You found it on level 1 of the Dungeon)
 g - a +6 ring of dexterity (right hand)
   (You found it on level 1 of the Dungeon)
 h - a +4 ring of evasion
   (You found it on level 1 of the Dungeon)
 l - a ring of poison resistance
   (You found it on level 1 of the Dungeon)
Wands
 b - a wand of charming (7)
   (You found it on level 3 of the Dungeon)
 K - a wand of paralysis (8)
   (You found it on level 4 of the Dungeon)
Scrolls
 e - a scroll of enchant weapon {unknown}
 p - a scroll of noise {unknown}
 v - a scroll of enchant armour {unknown}
 w - 2 scrolls of amnesia {unknown}
 y - 2 scrolls of identify {unknown}
 C - 3 scrolls of blinking {unknown}
 H - 2 scrolls of teleportation {unknown}
Potions
 k - a potion of haste {@q3}
 m - a potion of degeneration {unknown}
 s - 3 potions of flight {unknown}
 z - a potion of ambrosia {unknown}
 A - 2 potions of attraction {unknown}

Dungeon Overview and Level Annotations

Branches:
Dungeon (6/15)
 Temple: D:4-7

Altars:
Zin

###.............
....#.#.#####.##
................
###.#.#..####.##
........>.......
.####.###.......##
..........#.......
..###...........#
.........@.....+
..##.......#....#
...#######....#
.... ...# .... ..#
.... .. .


There were no monsters in sight!


Message History

You start resting.
You feel a little less mighty now.
A gnoll shaman is nearby! 😨 HP[+5]
You regained 5 hp, and now have 25/64 hp.
A gnoll shaman is nearby!
You see here a scorpion corpse. 😨 HP[+1]
n - 198 stones {throwing} (gained 32)
C - 3 scrolls labelled ECECZI LIUTAOG (gained 1) 😨 HP[+1]
There is an escape hatch in the floor here.
You slide downwards.
The hatch slams shut behind you. 😨 HP[+1]
You can't go up here!
Found an escape hatch in the ceiling.
Found a stone staircase leading down. 😨 HP[+1]
A water moccasin comes into view.
The water moccasin hisses angrily.
You hit the water moccasin. You block the water moccasin's attack.
The water moccasin bites you.
* * * LOW HITPOINT WARNING * * *
😨 HP[-1]
You take 1 damage, and now have 28/64 hp.
You completely miss the water moccasin.
The water moccasin bites you but does no damage.
You closely miss the water moccasin.
The water moccasin bites you but does no damage.
You hit the water moccasin but do no damage.
You block the water moccasin's attack. The water moccasin bites you.
* * * LOW HITPOINT WARNING * * *
You are poisoned.
The water moccasin poisons you! 😨 HP[-6]
You take 6 damage, and now have 22/64 hp.
You closely miss the water moccasin.
You feel very sick. The water moccasin bites you.
* * * LOW HITPOINT WARNING * * *
😨 HP[-5]
You take 5 damage, and now have 17/64 hp.
You hit the water moccasin.
The water moccasin is poisoned.
You feel sick. The water moccasin barely misses you. You furiously retaliate!
You headbutt the water moccasin. 😱 HP[-1]
You take 1 damage, and now have 16/64 hp.
You closely miss the water moccasin.
You feel sick.
The water moccasin closely misses you. 😱 HP[-2]
You take 2 damage, and now have 14/64 hp.
You hit the water moccasin.
The water moccasin looks as sick as possible!
You feel sick. The water moccasin bites you.
* * * LOW HITPOINT WARNING * * *
You are lethally poisoned!
The water moccasin poisons you!
The water moccasin bites you but does no damage. 😱 HP[-2]
You take 2 damage, and now have 12/64 hp.
You hit the water moccasin but do no damage.
The water moccasin looks as sick as possible!
* * * LOW HITPOINT WARNING * * *
You feel very sick.
You block the water moccasin's attack. 😱 HP[-4]
You take 4 damage, and now have 8/64 hp.
Aiming: Charm
Press: ? - help, Shift-Dir - straight line, f - water moccasin
Aim: a water moccasin (severely wounded, extremely poisoned, chance to affect: 49%)
Okay, then.
Aiming: Charm
Press: ? - help, Shift-Dir - straight line, f - water moccasin
Aim: a water moccasin (severely wounded, extremely poisoned, chance to affect: 49%)
Okay, then.
Aiming: Charm
Press: ? - help, Shift-Dir - straight line The water moccasin resists with some effort.
* * * LOW HITPOINT WARNING * * *
You feel very sick.
The water moccasin barely misses you. 😱 HP[-3]
You take 3 damage, and now have 5/64 hp.
* * * LOW HITPOINT WARNING * * *
You feel sick.
You kill the water moccasin!
You have reached level 8!
You feel agile. 😱 HP[-1] MP[+1]
You now have 71 max hp (+7).
Your mp is fully restored (7).
* * * LOW HITPOINT WARNING * * *
You feel sick. 😱 HP[-2]
You take 2 damage, and now have 2/71 hp.
* * * LOW HITPOINT WARNING * * *
You feel sick. 😱 HP[-1]
You take 1 damage, and now have 1/71 hp.
It was a potion of haste.
You feel yourself speed up.
You die...

Skill      XL: |  1  2  3  4  5  6  7 |
---------------+----------------------+-----
Armour         | 4 5 6 |  6.7
Fighting       | 4 5 6 |  6.7
Shields        | 4 5 6 |  6.7
Long Blades    | 3 4 5 6 |  6.2

Action                   |  1- 3 |  4- 6 |  7- 9 || total
-------------------------+-------+-------+-------++-------
Melee: Long sword        |    51 |       |       ||    51
       Headbutt          |     7 |    26 |    18 ||    51
       Dagger            |     7 |   119 |   127 ||   253
       Hunting sling     |     3 |     4 |       ||     7
 Fire: Hunting sling     |    18 |     5 |       ||    23
Throw: Stone             |    35 |    34 |     1 ||    70
Evoke: Wand              |       |       |     1 ||     1
  Use: Potion            |     1 |       |     4 ||     5
       Scroll            |       |       |     2 ||     2
Armor: Scale mail        |    34 |     9 |       ||    43
       Plate armour      |       |    31 |    70 ||   101
Dodge: Dodged            |    32 |    30 |    27 ||    89
Block: Buckler           |    19 |    28 |    30 ||    77

Levels and vault maps discovered:
D:1:      lemuel_arrival_hallway, layout_loops_cross,
          ebering_ecumenical_altar_sacrificial, minmay_pentomino_w4
D:2:      layout_loops_corners, basic_altar, uniq_jessica
D:3:      layout_loops_ring, minmay_pentangle, uniq_terence,
          uniq_crazy_yiuf_cottage
D:4:      layout_basic, grunt_ministairs_5, grunt_tough_drop
D:5:      layout_rooms, minmay_temple_entry_proselytizer,
          chequers_ossuary_entry_cave
D:6:      layout_basic, bh_walls_and_bars

Notes
Turn   | Place    | Note
-------+----------+-------------------------------------------
     0 | D:1      | Faeu the Minotaur Fighter began the quest for the Orb.
     0 | D:1      | Reached XP level 1. HP: 19/19 MP: 0/0
     0 | D:1      | magus.rc [v1.9.6]
   329 | D:1      | Reached XP level 2. HP: 16/27 MP: 1/1
   588 | D:1      | Found a faded altar of an unknown god.
   704 | D:1      | Reached skill level 4 in Armour
   810 | D:1      | Reached skill level 4 in Fighting
   870 | D:1      | Reached skill level 4 in Shields
  1126 | D:1      | Reached skill level 3 in Long Blades
  1126 | D:1      | Reached XP level 3. HP: 32/33 MP: 2/2
  1310 | D:1      | You fall into a shaft and drop 1 floor!
  1436 | D:2      | Noticed Jessica
  1439 | D:2      | Killed Jessica
  1446 | D:2      | Reached XP level 4. HP: 37/41 MP: 3/3
  1475 | D:2      | Found a glowing silver altar of Zin.
  2124 | D:3      | Noticed Terence
  2133 | D:3      | Killed Terence
  2423 | D:3      | Reached XP level 5. HP: 47/47 MP: 4/4
  2669 | D:3      | You pick up a book of Minor Magic and begin reading...
  2669 | D:3      | You add the spells Magic Dart, Call Imp and Mephitic Cloud
                  | to your library.
  2751 | D:3      | Reached skill level 4 in Long Blades
  2894 | D:3      | Found a runed translucent door.
  2895 | D:3      | Noticed Crazy Yiuf
  3033 | D:3      | Killed Crazy Yiuf
  3095 | D:4      | Noticed a necrophage
  3109 | D:4      | Killed a necrophage
  3110 | D:4      | Reached skill level 5 in Fighting
  3110 | D:4      | Reached skill level 5 in Armour
  3110 | D:4      | Reached skill level 5 in Shields
  3110 | D:4      | Reached XP level 6. HP: 56/56 MP: 5/5
  3685 | D:4      | Reached skill level 5 in Long Blades
  3685 | D:4      | Reached XP level 7. HP: 45/62 MP: 6/6
  4225 | D:5      | Entered Level 5 of the Dungeon
  4291 | D:5      | Reached skill level 6 in Fighting
  4291 | D:5      | Reached skill level 6 in Armour
  4291 | D:5      | Reached skill level 6 in Shields
  4390 | D:5      | HP: 14/63 [hornet zombie (10)]
  4393 | D:5      | HP: 5/63 [hornet zombie (3)]
  4399 | D:5      | HP: 8/63 [hornet zombie (3)]
  4402 | D:5      | HP: 3/63 [spore (5)]
  4435 | D:5      | Reached skill level 6 in Long Blades
  4489 | D:6      | HP: 16/64 [poisoned by a water moccasin]
  4493 | D:6      | HP: 5/64 [poisoned by a water moccasin]
  4495 | D:6      | Reached XP level 8. HP: 4/71 MP: 7/7
  4495 | D:6      | HP: 2/71 [poisoned by a water moccasin]
  4497 | D:6      | Succumbed to a water moccasin's poison

Vanquished Creatures
  A water moccasin (D:6)
  A hornet zombie (D:5)
  2 ogres (D:4)
  2 necrophages
  A phantom (D:5)
  A scorpion (D:5)
  A hound (D:4)
  Crazy Yiuf (D:3)
  Jessica (D:2)
  An iguana (D:5)
  2 orc wizards
  Terence (D:3)
  2 hound skeletons (D:4)
  A gnoll (D:5)
  6 adders
  An adder skeleton (D:4)
  A worm (D:3)
  2 dart slugs (D:1)
  14 orcs
  5 bats
  6 endoplasms
  4 giant cockroaches
  13 goblins
  8 hobgoblins
  9 jackals
  12 kobolds
  6 quokkas
  9 ball pythons
  3 frilled lizards
  3 rats
120 creatures vanquished.

Table legend:
 A = Non-vault XP
 B = Vault XP
 C = Vault XP percentage of total XP
 D = Non-vault monster count
 E = Vault monster count
 F = Vault count percentage of total count
                 A         B        C        D         E       F
            +---------+---------+-------+---------+---------+-------
      Total |    1361 |     191 |  12.3 |     104 |      16 |  13.3
            +---------+---------+-------+---------+---------+-------
        D:1 |      40 |      10 |  20.0 |      21 |       5 |  19.2
        D:2 |      38 |      37 |  49.3 |      16 |       1 |   5.9
        D:3 |      82 |      69 |  45.7 |      25 |       2 |   7.4
        D:4 |     494 |      75 |  13.2 |      30 |       8 |  21.1
        D:5 |     554 |       0 |   0.0 |      11 |       0 |   0.0
        D:6 |     153 |       0 |   0.0 |       1 |       0 |   0.0
            +---------+---------+-------+---------+---------+-------

Illustrated notes

Table legend:
 A = Kills in this place as a percentage of kills in entire the game.
 B = Kills by you in this place as a percentage of kills by you in the entire game.
 C = Kills by friends in this place as a percentage of kills by friends in the entire game.
 D = Other kills in this place as a percentage of other kills in the entire game.
 E = Experience gained in this place as a percentage of experience gained in the entire game.
 F = Experience gained in this place divided by the number of levels of this place that you have seen.
                   A       B       C       D       E      F
               +-------+-------+-------+-------+-------+----------------------
         Total | 100.0 | 100.0 |   N/A |   N/A | 100.0 | 258.7
       Dungeon | 100.0 | 100.0 |   N/A |   N/A | 100.0 | 258.7
               +-------+-------+-------+-------+-------+----------------------

Table legend: (Time is in decaauts)
 A = Elapsed time spent in this place.
 B = Non-inter-level travel time spent in this place.
 C = Inter-level travel time spent in this place.
 D = Time resting spent in this place.
 E = Time spent auto-exploring this place.
 F = Levels seen in this place.
 G = Mean time per level.
                   A        B        C        D        E       F      G
               +--------+--------+--------+--------+--------+-----+--------+
         Total |   4506 |   4438 |     68 |    477 |   1098 |   6 |  751.0 |
       Dungeon |   4506 |   4438 |     68 |    477 |   1098 |   6 |  751.0 |
               +--------+--------+--------+--------+--------+-----+--------+

Top non-repeatable levels by time:
     D:4: 1122 daAuts
     D:1: 1105 daAuts
     D:2: 1007 daAuts
     D:3: 1006 daAuts
     D:5: 242 daAuts
     D:6: 21 daAuts
